 Dungeon Crawl Stone Soup version 0.29.1-12-g30fa7ad0bf (webtiles) character file.

Game seed: 2084925089527907399

7756 croobank the Covert (level 11, -25/74 HPs)
             Began as an Octopode Conjurer on Dec 22, 2022.
             Was an Initiate of Gozag.
             Annihilated by a boulder beetle (36 damage)
             ... on level 11 of the Dungeon.
             The game lasted 00:39:24 (15138 turns).

croobank the Covert (Octopode Conjurer)            Turns: 15138, Time: 00:39:25

Health: -25/74     AC:  1    Str:  6    XL:     11   Next: 20%
Magic:  11/20      EV: 21    Int: 25    God:    Gozag
Gold:   1555       SH:  0    Dex: 17    Spells: 11/23 levels left

rFire   . . .      SeeInvis .   a - +1 dagger (protect)
rCold   + . .      Faith    .   (no shield)
rNeg    . . .      Spirit   .   (helmet restricted)
rPois   +          Reflect  .   (no amulet)
rElec   .          Harm     .   i - ring of willpower
rCorr   +          Rampage  .   j - +4 ring of evasion
Will    +....                   h - ring of protection from cold
Stlth   ++++++....              q - ring of resist corrosion
HPRegen 0.22/turn               r - ring of poison resistance
MPRegen 0.17/turn               G - +6 ring of dexterity
                                (no ring)
                                (no ring)

@: mighty, on berserk cooldown, hasted and slowed
A: almost no armour, amphibious, 8 rings, camouflage 1, gelatinous body 1,
(nimble swimmer 1), tentacles
a: Renounce Religion, Potion Petition, Call Merchant, Bribe Branch


You were on level 11 of the Dungeon.
You worshipped Gozag.
Gozag was most pleased with you.
You visited 1 branch of the dungeon, and saw 11 of its levels.
You also visited: Ossuary.

You collected 1862 gold pieces.
You paid 307 gold pieces to Gozag.

Inventory:

Hand Weapons
 a - a +1 dagger of protection (weapon)
 b - a +0 sling
 d - a +4 mace
 l - a +0 scimitar
 m - a +0 war axe
 o - a +1 flail of protection
 p - a +2 hand axe of draining
 t - a +2 whip of freezing
 y - a +0 whip of venom
 J - a -1 demon whip of venom
 K - a +3 spear
 M - a +3 great sword
 N - a +4 morningstar
 P - a +5 halberd of freezing
Missiles
 H - 2 javelins
Magical Staves
 S - a staff of air
Jewellery
 h - a ring of protection from cold (on tentacle)
 i - a ring of willpower (left tentacle)
 j - a +4 ring of evasion (right tentacle)
 q - a ring of resist corrosion (on tentacle)
 r - a ring of poison resistance (on tentacle)
 G - a +6 ring of dexterity (on tentacle)
Wands
 n - a wand of flame (18)
 w - a wand of roots (7)
 C - a wand of paralysis (4)
 E - a wand of light (5)
Scrolls
 f - 2 scrolls of torment
 k - 6 scrolls of teleportation
 u - 3 scrolls of poison
 L - a scroll of amnesia
 O - 3 scrolls of immolation
 Q - a scroll of identify
Potions
 e - 7 potions of ambrosia
 g - a potion of might
 s - a potion of magic
 v - a potion of attraction
 x - 3 potions of resistance
 A - 2 potions of haste
 B - a potion of lignification
 D - a potion of brilliance
 F - 9 potions of curing
Miscellaneous
 z - a box of beasts
 R - a lightning rod (4/4)


   Skills:
 + Level 6.6 Fighting
 + Level 7.1 Dodging
 + Level 10.4 Stealth
 + Level 6.6 Spellcasting
 + Level 8.0 Conjurations
 + Level 4.8 Hexes
 + Level 4.9 Translocations


You had 11 spell levels left.
You knew the following spells:

 Your Spells              Type           Power      Damage    Failure   Level
a - Magic Dart            Conj           100%       1d8       1%          1
b - Searing Ray           Conj           96%        2d7       1%          2
c - Dazzling Flash        Conj/Hex       80%        N/A       1%          3
d - Blink                 Tloc           66%        N/A       1%          2
e - Iskenderun's Mystic   Conj/Tloc      40%        2d9       4%          4

Your spell library contained the following spells:

 Spells                   Type           Power      Damage    Failure   Level
 Static Discharge         Conj/Air       28%        3-7/arc   1%          2
 Lesser Beckoning         Tloc           33%        N/A       2%          3
 Fulminant Prism          Conj/Hex       20%        3d13      4%          4
 Necrotise                Necr           32%        1d5       7%          1
 Sting                    Tmut/Pois      32%        1d4       7%          1
 Iskenderun's Battlesphe  Conj           48%        2d10      7%          5
 Poisonous Vapours        Pois/Air       16%        N/A       11%         2
 Sublimation of Blood     Necr           8%         N/A       11%         2
 Anguish                  Hex/Necr       10%        N/A       26%         4
 Leda's Liquefaction      Hex/Erth       10%        N/A       26%         4
 Manifold Assault         Tloc           33%        N/A       26%         5
 Lightning Bolt           Conj/Air       14%        1d27      36%         5
 Dispel Undead            Necr           8%         3d8       56%         4
 Ice Form                 Ice/Tmut       8%         N/A       56%         4
 Borgnjor's Vile Clutch   Necr/Erth      4%         N/A       89%         5
 Iron Shot                Conj/Erth      14%        9d4       90%         6
 Death Channel            Necr           4%         N/A       100%        6
 Spellforged Servitor     Conj/Summ      14%        N/A       100%        7
 Discord                  Hex            16%        N/A       100%        8
 Maxwell's Capacitive Co  Air            4%         ∞         100%        8
 Corpse Rot               Necr/Pois/Air  Unusable   N/A       N/A         4

Dungeon Overview and Level Annotations

Branches:
Dungeon (12/15)            Temple (0/1) D:7            Lair (0/5) D:11
    Orc (0/2) D:11        Ossuary (visited)

Altars:
Gozag
Hepliaklqana
Makhleb

Annotations:
D:6 7 runed translucent doors, BillyBaka's ghost, novice GrBe
D:12 Nessos


Innate Abilities, Weirdness & Mutations

You cannot wear most types of armour.
You are amphibious.
You can wear up to eight rings at the same time.
Your skin changes colour to match your surroundings (Stealth+).
Your rubbery body absorbs attacks. (AC +1, EV +1)
((You are camouflaged when in or above water. (Stealth+)))
You have tentacles for arms and can constrict up to eight enemies at once.


Message History

The roots release their grip on the boulder beetle.
Aiming: Fastroot
Press: ? - help, Shift-Dir - straight line, f/p - boulder beetle
Aim: a boulder beetle (lightly wounded, rolling)
The roots erupt in riotous growth!
Roots grab the boulder beetle.
The grasping roots constrict the boulder beetle.
You hear a shout! x4
The boulder beetle stops rolling and uncurls.
The boulder beetle curls into a ball and begins rolling!
An orc comes into view. It is wielding a +0 whip.
Casting: Dazzling Flash (safe; 1% risk of failure)
Confirm with . or Enter, or press ? or * to list all spells.
You erupt in a blast of force!
The mystic blast hits the boulder beetle.
The boulder beetle is lightly wounded.
The mystic blast hits the wyvern!
The wyvern is heavily wounded.
The wyvern is knocked back by the mystic blast.
The grasping roots constrict the boulder beetle, but do no damage.
The boulder beetle struggles to escape constriction. x2
The grasping roots constrict the boulder beetle, but do no damage.
The roots release their grip on the boulder beetle.
A wyvern comes into view.
Casting: Iskenderun's Mystic Blast (dangerous; 4% risk of failure)
Confirm with . or Enter, or press ? or * to list all spells.
Okay, then.
Aiming: Fastroot
Press: ? - help, Shift-Dir - straight line, f/p - boulder beetle
Aim: a boulder beetle (lightly wounded, rolling)
The roots erupt in riotous growth!
Roots grab the boulder beetle.
Roots grab the wyvern.
The wyvern hisses angrily.
The grasping roots constrict the wyvern.
The grasping roots constrict the boulder beetle.
You hear a shout! x2; You hear an angry buzzing noise.
You hear a shout!
You hear a bellow! x3; You hear a shout!
The boulder beetle hits you!!!
You die...
Your body crumbles into a pile of gold.

,,,,******#.,,*......!.....§##..○
,,,,,*,*,*#...##..........°.....B
,,,,,,,,,,,...............#.....o
,,,,,*,,,,*,#.##.......o.......#.
,,,,,,*,,,**##.......o.........o#
,,,,,,,*,,*##.........o..........
,,,,,,,,,..#.......°.............
,,,,,,,,,.........°...........##.
,,,,,,,,,.......@Bl..o......,,*..
,,,,,,,,,...............?...,,..8
,,,,,,,,,...#<..............*,*,,
,,,,,,,,,..................#,,**,
,,*,,,*,,...#...............,,**,
,,,,,,,*,...[...........#...,,**,
,,,,,,,*,.,.........l....#..,,**,
,,,,,,,,,,..............**,,,,**,
,,,,,,,*,,,,,,,**,,,,,,,*,,,***,,


You could see a boulder beetle (rolling, rooted), 2 wyverns, an orc priest and 3
orcs.

Vanquished Creatures
  Amaemon (D:8)
  Pikel (D:8)
  An orange demon (D:8)
  A kobold demonologist (D:6)
  A troll (D:6)
  4 yaks (D:9)
  2 wraiths (D:6)
  A wyvern (D:8)
  Grum (D:8)
  A steam dragon (D:7)
  An acid dragon (D:9)
  2 water moccasins
  2 orc warriors (D:7)
  3 sky beasts
  4 black bears
  An ice beast (D:6)
  3 ogres
  3 centaurs
  4 wolves (D:7)
  3 phantoms
  A kobold brigand (D:6)
  4 bullfrogs
  2 scorpions
  A necrophage (D:7)
  12 wights
  8 killer bees
  A howler monkey (D:4)
  2 hounds
  2 jellies
  6 orc priests
  4 iguanas
  Ijyb (D:4)
  6 orc wizards
  8 mummies (Ossuary)
  11 adders
  5 gnolls
  A shadow imp (D:7)
  2 white imps (D:5)
  3 worms
  A dart slug (D:2)
  41 orcs
  6 bats
  8 endoplasms
  6 giant cockroaches
  8 goblins
  4 hobgoblins
  7 jackals
  7 kobolds
  2 quokkas (D:1)
  9 ball pythons
  A frilled lizard (D:2)
  A gnoll zombie (Ossuary)
  A goblin zombie (D:5)
  2 hobgoblin zombies (Ossuary)
  3 kobold zombies (Ossuary)
  2 orc zombies (Ossuary)
  A quokka zombie (D:5)
  7 rats
  A spectral hobgoblin (D:3)
238 creatures vanquished.

Vanquished Creatures (others)
  4 plants (D:4)
4 creatures vanquished.

Grand Total: 242 creatures vanquished

Notes
Turn   | Place    | Note
-------+----------+-------------------------------------------
     0 | D:1      | croobank the Octopode Conjurer began the quest for the Orb.
     0 | D:1      | Reached XP level 1. HP: 11/11 MP: 3/3
   522 | D:1      | Reached skill level 3 in Stealth
   522 | D:1      | Reached XP level 2. HP: 17/17 MP: 3/5
   525 | D:1      | Learned a level 2 spell: Searing Ray
  1040 | D:1      | Reached XP level 3. HP: 21/21 MP: 1/6
  1044 | D:1      | Learned a level 3 spell: Dazzling Flash
  1770 | D:2      | Reached XP level 4. HP: 18/27 MP: 2/7
  1930 | D:2      | Reached skill level 1 in Fighting
  2166 | D:2      | Learned a level 2 spell: Blink
  2172 | D:2      | Reached skill level 4 in Stealth
  2176 | D:2      | Reached XP level 5. HP: 27/33 MP: 2/9
  3548 | D:3      | Found a faded altar of an unknown god.
  3595 | D:3      | Reached XP level 6. HP: 39/39 MP: 5/10
  3753 | D:3      | Got Sif Muna's Handbook of Mutable Guile
  4263 | D:3      | Found a burning altar of Makhleb.
  4267 | D:3      | Found an opulent altar of Gozag.
  4271 | D:3      | Became a worshipper of Gozag Ym Sagoz the Greedy
  4275 | D:3      | Found a hazy altar of Hepliaklqana.
  4638 | D:4      | Reached skill level 5 in Stealth
  4878 | D:4      | Reached skill level 5 in Conjurations
  4964 | D:4      | Noticed Ijyb
  4974 | D:4      | Killed Ijyb
  5228 | D:4      | Reached XP level 7. HP: 45/45 MP: 12/12
  5306 | D:5      | Entered Level 5 of the Dungeon
  5453 | D:5      | Reached skill level 6 in Stealth
  5472 | D:5      | Found a sand-covered staircase.
  5480 | Ossuary  | Entered an ossuary
  6323 | D:5      | Reached XP level 8. HP: 52/52 MP: 7/14
  6394 | D:5      | Got the Treatise on Remoulded Shadows
  7231 | D:6      | Noticed a manticore
  7232 | D:6      | Reached skill level 7 in Stealth
  7237 | D:6      | Found a large runed translucent door.
  7238 | D:6      | Found a large runed translucent door.
  7239 | D:6      | Found a large runed translucent door.
  7239 | D:6      | Found a large runed translucent door.
  7251 | D:6      | Noticed BillyBaka's ghost (novice GrBe)
  7275 | D:6      | Noticed a cyclops
  7280 | D:6      | Found a runed translucent gate.
  7280 | D:6      | Found a runed translucent gate.
  7280 | D:6      | Found a runed translucent gate.
  7357 | D:6      | Reached skill level 5 in Dodging
  7737 | D:6      | Reached skill level 1 in Hexes
  7740 | D:6      | Reached skill level 1 in Translocations
  7740 | D:6      | Reached XP level 9. HP: 22/59 MP: 13/16
  7978 | D:6      | Reached skill level 5 in Spellcasting
  8217 | D:6      | Reached skill level 8 in Stealth
  8894 | D:6      | Noticed a troll
  8901 | D:6      | Killed a troll
  8902 | D:6      | Reached skill level 5 in Fighting
  9042 | D:6      | Learned a level 4 spell: Iskenderun's Mystic Blast
  9346 | D:6      | Noticed a kobold demonologist
  9352 | D:6      | Noticed a rust devil
  9353 | D:6      | Killed a kobold demonologist
  9895 | D:7      | Reached XP level 10. HP: 51/66 MP: 7/18
 10140 | D:7      | Reached skill level 9 in Stealth
 10563 | D:7      | Found a staircase to the Ecumenical Temple.
 11208 | D:8      | Noticed Amaemon
 11210 | D:8      | Noticed an orange demon
 11214 | D:8      | Killed an orange demon
 11220 | D:8      | Killed Amaemon
 11615 | D:8      | Noticed Grum
 12258 | D:8      | Killed Grum
 12914 | D:8      | Noticed Pikel
 13066 | D:8      | Killed Pikel
 13067 | D:8      | Reached skill level 10 in Stealth
 13672 | D:8      | Reached XP level 11. HP: 59/73 MP: 2/20
 15106 | D:9      | You fall into a shaft and drop 3 floors!
 15108 | D:12     | Noticed Nessos
 15113 | D:11     | Noticed a cyclops
 15116 | D:11     | Noticed a two-headed ogre
 15126 | D:11     | Noticed a boulder beetle
 15138 | D:11     | Annihilated by a boulder beetle

Illustrated notes

Levels and vault maps discovered:
D:1:      dpeg_arrival_triangle_fractal, layout_loops_corners,
          grunt_decor_resistance, minmay_crystal_water, reono_crystal_passage
D:2:      layout_basic, kennysheep_generic_room_10
D:3:      layout_rooms, grunt_temple_overflow_diamond,
          dreamdust_ecumenical_altar_drowned_temple
D:4:      cheibrodos_old_hovel, layout_rooms, kennysheep_generic_room_4,
          uniq_ijyb
D:5:      layout_basic, enter_ossuary_4
D:6:      cheibrodos_barr_body, layout_basic, gammafunk_ghost_split,
          minmay_hollow_rounded_squares
D:7:      layout_loops_ring, minmay_temple_entry_statues_fountains
D:8:      layout_layer_cave, uniq_grum, uniq_amaemon, uniq_pikel
D:9:      layout_basic
D:11:     layout_cross, dpeg_lair_monsters, hiddenorc2_lemuel
D:12:     layout_rooms, st_stairs_7, uniq_nessos

Skill      XL: |  1  2  3  4  5  6  7  8  9 10 11 |
---------------+----------------------------------+-----
Stealth        | 3 4 5 6 7 8 10 | 10.4
Fighting       | 1 2 3 4 5 6 |  6.6
Dodging        | 3 4 5 6 7 |  7.1
Spellcasting   | 3 4 5 6 |  6.6
Conjurations   | 5 6 7 8 |  8.0
Hexes          | 1 3 4 |  4.8
Translocations | 1 3 4 |  4.9

Action                   |  1- 3 |  4- 6 |  7- 9 | 10-12 || total
-------------------------+-------+-------+-------+-------++-------
Melee: Unarmed           |     6 |       |       |       ||     6
       Constrict         |     5 |    13 |    18 |    11 ||    47
       Dagger            |    13 |    45 |   107 |    57 ||   222
       Tentacles         |     1 |    12 |    29 |    20 ||    62
       Punch             |       |       |     1 |     1 ||     2
       Demon whip        |       |       |       |    22 ||    22
 Cast: Magic Dart        |    23 |    46 |    61 |    29 ||   159
       Searing Ray       |     9 |    26 |    49 |    37 ||   121
       Dazzling Flash    |       |     5 |     4 |     5 ||    14
       Iskenderun's Myst |       |       |       |     4 ||     4
Invok: Potion Petition   |       |       |       |     1 ||     1
Evoke: Wand              |       |       |       |     3 ||     3
  Use: Potion            |       |     1 |       |     5 ||     6
       Scroll            |       |    11 |    12 |     7 ||    30
 Stab: Sleeping          |    10 |    11 |    14 |    12 ||    47
       Invisible         |       |     2 |     3 |     5 ||    10
       Distracted        |       |       |     1 |       ||     1
Armor: Skin              |       |     3 |    27 |    17 ||    47
Dodge: Dodged            |    24 |    56 |   145 |   186 ||   411
